 Dungeon Crawl Stone Soup version 0.30-a0-1160-g6e42c06551 (webtiles) character file.

Game seed: 10158402665484375500

8589 qeuew the Cleaver (level 11, -5/95 HPs)
             Began as a Hill Orc Fighter on Apr 26, 2023.
             Was a Believer of Makhleb.
             Succumbed to a death drake's dark miasma
             ... in a Gauntlet.
             The game lasted 00:11:36 (7762 turns).

qeuew the Cleaver (Hill Orc Fighter)                Turns: 7762, Time: 00:11:37

Health: -5/95      AC: 19    Str: 27    XL:     11   Next: 33%
Magic:  16/16      EV: 11    Int:  8    God:    Makhleb [**....]
Gold:   415        SH:  5    Dex: 10    Spells: 10/10 levels left

rFire   + . .        q - +5 broad axe (freeze)
rCold   + . .        c - +0 buckler
rNeg    . . .        b - +1 scale mail
rPois   .            (no helmet)
rElec   .            (no cloak)
rCorr   .            i - +2 pair of gloves {Str+3}
SInv    .            z - +1 pair of boots
Will    .....        j - amulet of Law {Rampage Fly rF+ Regen+} Stlth
                     v - ring of protection from cold
HPRegen 1.15/turn    (no ring)
MPRegen 0.15/turn

%: no teleportation, rampage
@: lethally poisoned (-5 -> -41), flying, slowed, very slow
A: iridescent scales 2
a: Renounce Religion, Minor Destruction


You were in a Gauntlet.
You worshipped Makhleb.
Makhleb was pleased with you.
You visited 2 branches of the dungeon, and saw 9 of its levels.
You also visited: Sewer and Gauntlet.

You collected 415 gold pieces.

Inventory:

Hand Weapons
 a - a +1 war axe of freezing
 q - a +5 broad axe of freezing (weapon)
Armour
 b - a +1 scale mail (worn)
 c - a +0 buckler (worn)
 i - a +2 pair of gloves of strength (worn)
 z - a +1 pair of boots (worn)
Jewellery
 j - the amulet of Law (around neck) {Rampage Fly rF+ Regen+}
   (You acquired it on level 4 of the Dungeon)

   [amulet of regeneration]

   rF:        It protects you from fire.
   Fly:       It grants you flight.
   Regen:     It increases your rate of health regeneration.
   Rampage:   It bestows one free step when moving towards enemies.
 v - a ring of protection from cold (left hand)
 C - an amulet of the acrobat
Wands
 n - a wand of flame (33)
 s - a wand of mindburst (15)
 x - a wand of roots (7)
Scrolls
 g - 4 scrolls of blinking
 m - 5 scrolls of teleportation
 p - a scroll of silence
 t - a scroll of enchant armour
 u - 3 scrolls of butterflies
 y - 2 scrolls of fear
Potions
 d - a potion of curing
 f - 3 potions of mutation
 h - a potion of cancellation
 k - a potion of might
 l - 2 potions of brilliance
 o - 3 potions of haste
 r - 2 potions of magic
 w - a potion of ambrosia
 A - 2 potions of attraction
 B - a potion of resistance {unknown}


   Skills:
 + Level 8.7 Fighting
 * Level 11.8 Axes
 * Level 10.3 Armour
 + Level 4.9 Dodging
 + Level 7.7 Shields
 + Level 7.2 Invocations
 + Level 5.7 Evocations


You had 10 spell levels left.
You didn't know any spells.
Your spell library contained the following spells:

 Spells                   Type           Power      Damage    Failure   Level
 Shock                    Conj/Air       0%         1d3       67%         1
 Swiftness                Air            0%         N/A       96%         3
 Airstrike                Air            0%         2d(0-16)  100%        4
 Animate Armour           Summ/Erth      0%         N/A       100%        4
 Blade Hands              Tmut           0%         N/A       100%        5
 Iron Shot                Conj/Erth      0%         9d1       100%        6


Dungeon Overview and Level Annotations

Branches:
Dungeon (8/15)             Temple (0/1) D:5            Lair (1/5) D:8
  Sewer (visited)         Gauntlet (1/1)

Altars:
Kikubaaqudgha
Makhleb
Trog

Annotations:
Gauntlet 2 transporters


Innate Abilities, Weirdness & Mutations

You are mostly covered in iridescent scales. (AC +4)


Message History

You slice the death drake!! You freeze the death drake!
The death drake is severely wounded.
You feel very sick. The death drake breathes miasma at you.
The foul vapour engulfs you!
You are more poisoned.
The death drake bites you.
* * * LOW HITPOINT WARNING * * *
You feel better.
You are engulfed in dark miasma.
You are poisoned.
You feel very sick.
The death drake bites you but does no damage. x2
You barely miss the death drake.
The death drake is severely wounded.
You are engulfed in dark miasma.
You are more poisoned.
You feel extremely sick. The death drake bites you!
* * * LOW HITPOINT WARNING * * *
The death drake bites you but does no damage.
The death drake bites you.
* * * LOW HITPOINT WARNING * * *
You feel much better.
You are engulfed in dark miasma.
You are more poisoned.
* * * LOW HITPOINT WARNING * * *
x2 You feel extremely sick.
The death drake breathes miasma at you. The foul vapour misses you.
The death drake bites you!
* * * LOW HITPOINT WARNING * * *
You feel much better.
* * * LOW HITPOINT WARNING * * *
You feel extremely sick. The death drake breathes miasma at you.
The foul vapour engulfs you but does no damage.
The death drake bites you but does no damage.
You miss the death drake.
The death drake is severely wounded.
You are engulfed in dark miasma.
You are lethally poisoned!
* * * LOW HITPOINT WARNING * * *
You die...

##≈#≈#≈ ≈#####
...... ....... ##
..... ....∩.. #≈.
#### ####..# ##..
#.! )[##..#
#≈..##..###.#..#
#..#.##..#.#..#
§..#.#@k#.##..#
##..##.##..##..#.
#§..##.#.##.#..#.
##..#.#.#..##..##
#≈..#########..#..
##.....#©#.....#J.
#≈.....#©#.....###
##..#########.....
≈..###.©...#.....


You could see a death drake (catching breath).

Vanquished Creatures
  A catoblepas (Gauntlet)
  A fire crab (shapeshifter) (D:8)
  A deep elf pyromancer (D:8)
  Pikel (D:4)
  A spectral centaur (Gauntlet)
  3 gargoyles
  3 centaur simulacra (Gauntlet)
  A wraith (D:8)
  A wyvern (D:8)
  3 water moccasins
  A spectral hornet (Gauntlet)
  A black bear (D:6)
  A sky beast (D:6)
  3 ogres
  2 centaurs
  A phantom (D:5)
  4 kobold brigands
  2 bullfrogs
  A cane toad simulacrum (Gauntlet)
  2 scorpions
  11 wights
  8 killer bees
  2 howler monkeys
  An electric eel (D:7)
  A jelly (D:7)
  A gnoll bouda (D:5)
  2 orc priests
  2 hounds
  3 iguanas
  4 orc wizards
  13 gnolls
  14 adders
  7 river rats
  A shadow imp (D:5)
  A white imp (D:5)
  An ufetubus (D:4)
  5 worms
  2 dart slugs
  23 orcs
  7 bats
  9 endoplasms
  2 giant cockroaches
  9 goblins
  9 hobgoblins
  2 jackals (D:1)
  7 quokkas
  12 ball pythons
  5 frilled lizards
  32 kobolds
  27 rats
257 creatures vanquished.

Vanquished Creatures (others)
  A human (D:5)
  A plant (Gauntlet)
2 creatures vanquished.

Grand Total: 259 creatures vanquished

Notes
Turn   | Place    | Note
-------+----------+-------------------------------------------
     0 | D:1      | qeuew the Hill Orc Fighter began the quest for the Orb.
     0 | D:1      | Reached XP level 1. HP: 19/19 MP: 1/1
    96 | D:1      | Reached skill level 3 in Axes
    96 | D:1      | Reached XP level 2. HP: 27/27 MP: 2/2
   271 | D:1      | Found a faded altar of an unknown god.
   585 | D:1      | Reached XP level 3. HP: 33/33 MP: 3/3
   958 | D:2      | Reached XP level 4. HP: 28/40 MP: 4/4
  1379 | D:2      | Reached skill level 4 in Axes
  1383 | D:2      | Reached XP level 5. HP: 33/47 MP: 5/5
  1749 | D:2      | Gained mutation: You are partially covered in iridescent
                  | scales. (AC +2) [potion of mutation]
  1749 | D:2      | Gained mutation: You are mostly covered in iridescent
                  | scales. (AC +4) [potion of mutation]
  1917 | D:3      | Found a bloodstained altar of Trog.
  2156 | D:3      | Noticed a kobold brigand
  2165 | D:3      | Killed a kobold brigand
  2166 | D:3      | Reached skill level 1 in Dodging
  2287 | D:3      | Reached XP level 6. HP: 53/53 MP: 6/6
  2985 | D:4      | Reached skill level 5 in Armour
  2995 | D:4      | Found a glowing drain.
  3001 | Sewer    | Entered a sewer
  3059 | Sewer    | Reached skill level 5 in Axes
  3152 | Sewer    | Reached skill level 5 in Fighting
  3152 | Sewer    | Reached skill level 1 in Evocations
  3152 | Sewer    | Reached XP level 7. HP: 47/61 MP: 7/7
  3683 | D:4      | Found a burning altar of Makhleb.
  3747 | D:4      | Became a worshipper of Makhleb the Destroyer
  3988 | D:4      | Noticed Pikel
  4034 | D:4      | Killed Pikel
  4035 | D:4      | Reached skill level 6 in Axes
  4035 | D:4      | Reached XP level 8. HP: 20/69 MP: 7/9
  4234 | D:4      | Reached skill level 5 in Shields
  4349 | D:4      | Identified 2 scrolls of acquirement
  4349 | D:4      | Acquired a +2 broad axe of freezing
  4358 | D:4      | Reached skill level 10 in Axes
  4358 | D:4      | Reached skill level 5 in Invocations
  4358 | D:4      | Reached XP level 9. HP: 79/79 MP: 9/13
  4359 | D:4      | Acquired the amulet of Law {Rampage Fly rF+ Regen+}
  4377 | D:5      | Entered Level 5 of the Dungeon
  4396 | D:5      | Found a staircase to the Ecumenical Temple.
  4581 | D:5      | Found an ancient bone altar of Kikubaaqudgha.
  5629 | D:6      | Reached * piety under Makhleb
  6103 | D:7      | Reached XP level 10. HP: 88/88 MP: 14/14
  6354 | D:7      | Reached skill level 5 in Evocations
  6770 | D:7      | Reached ** piety under Makhleb
  7007 | D:8      | Found a staircase to the Lair.
  7173 | D:8      | Reached skill level 11 in Axes
  7196 | D:8      | Noticed a gargoyle
  7201 | D:8      | Noticed a deep elf pyromancer
  7207 | D:8      | Killed a gargoyle
  7211 | D:8      | Killed a deep elf pyromancer
  7342 | D:8      | Noticed a fire crab
  7355 | D:8      | Killed a fire crab
  7356 | D:8      | Reached skill level 10 in Armour
  7568 | Lair:1   | Entered Level 1 of the Lair of Beasts
  7623 | Lair:1   | Found a gate leading to a gauntlet.
  7636 | Lair:1   | Identified the +9 falchion of Defilement {heavy, Str+2}
  7645 | Gauntlet | Entered a Gauntlet
  7645 | Gauntlet | Noticed a gargoyle
  7645 | Gauntlet | Found a transporter.
  7645 | Gauntlet | Found a transporter.
  7645 | Gauntlet | Found a transporter.
  7664 | Gauntlet | Noticed a gargoyle
  7674 | Gauntlet | Noticed a catoblepas
  7676 | Gauntlet | Found a transporter.
  7676 | Gauntlet | Found a transporter.
  7679 | Gauntlet | Killed a gargoyle
  7680 | Gauntlet | Reached XP level 11. HP: 95/95 MP: 16/16
  7689 | Gauntlet | Killed a catoblepas
  7736 | Gauntlet | Noticed a quicksilver ooze
  7739 | Gauntlet | Noticed a death drake
  7740 | Gauntlet | Found a transporter.
  7740 | Gauntlet | Found a transporter.
  7749 | Gauntlet | Found the +2 cloak of the Thief {*Fog Slay-2 SInv Stlth+}
  7760 | Gauntlet | HP: 3/95 [death drake (7)]
  7762 | Gauntlet | Succumbed to a death drake's dark miasma

Illustrated notes

Levels and vault maps discovered:
D:1:      ncdulo_watergridlock, layout_basic,
          hellmonk_ecumenical_altar_arch_garden
D:2:      layout_loops_ring, st_stairs_11, minmay_domino_4
D:3:      cheibrodos_thug_alley, layout_basic, lemuel_round_altar,
          minmay_crystal_water, minmay_unequal
D:4:      layout_rooms, bloody_makhleb, lightli_sewer_entry_pipes,
          serial_curves, eino_curves_01, eino_curves_01, eino_curves_02,
          uniq_pikel
D:5:      layout_loops_corners, tgw_kikubaaqudgha,
          minmay_temple_entry_statues_fountains, kennysheep_minor_cross
D:6:      layout_basic
D:7:      layout_cave_pods, serial_park_tiny_pond, nrook_pool_corridor,
          chequers_serial_rivers_micro_a
D:8:      layout_basic, lair_entry_dummy, kb_rosetta
Lair:1:   layout_hall_layers, gauntlet_entry_generic, grunt_megastairs_1
Gauntlet: minmay_gauntlet_mixed_big_or_small [gammafunk_gauntlet_arena_grid,
          minmay_gauntlet_arena_77_two_paths,
          nicolae_gauntlet_arena_flowing_pool,
          minmay_gauntlet_arena_77_p_blocks, nicolae_gauntlet_swirl,
          minmay_gauntlet_arena_77_mess, gauntlet_exit_hidden_loot]

Skill      XL: |  1  2  3  4  5  6  7  8  9 10 11 |
---------------+----------------------------------+-----
Axes           | 3 4 5 6 10 11 | 11.8
Fighting       | 4 5 7 8 |  8.7
Armour         | 4 5 6 8 9 10 | 10.3
Shields        | 4 6 7 |  7.7
Dodging        | 1 2 4 |  4.9
Evocations     | 1 2 4 5 |  5.7
Invocations    | 2 5 6 7 |  7.2

Action                     |  1- 3 |  4- 6 |  7- 9 | 10-12 || total
---------------------------+-------+-------+-------+-------++-------
  Melee: War axe           |    87 |   229 |   119 |       ||   435
         Broad axe         |       |       |    99 |   149 ||   248
    Use: Potion            |     3 |     4 |     4 |     3 ||    14
         Scroll            |     2 |     9 |    10 |     4 ||    25
 Armour: Scale mail        |    57 |   111 |   107 |    75 ||   350
  Dodge: Dodged            |    56 |    98 |   124 |    90 ||   368
  Block: Buckler           |    24 |    57 |    51 |    26 ||   158

Table legend: (Time is in decaauts)
 A = Elapsed time spent in this place.
 B = Non-inter-level travel time spent in this place.
 C = Inter-level travel time spent in this place.
 D = Time resting spent in this place.
 E = Time spent auto-exploring this place.
 F = Levels seen in this place.
 G = Mean time per level.
                   A        B        C        D        E       F      G
               +--------+--------+--------+--------+--------+-----+--------+
         Total |   7964 |   7618 |    346 |      0 |   6055 |  11 |  724.0 |
       Dungeon |   7146 |   6800 |    346 |      0 |   5554 |   8 |  893.2 |
          Lair |     76 |     76 |      0 |      0 |     61 |   1 |   76.0 |
         Sewer |    618 |    618 |      0 |      0 |    439 |   1 |  618.0 |
      Gauntlet |    122 |    122 |      0 |      0 |      0 |   1 |  122.0 |
               +--------+--------+--------+--------+--------+-----+--------+

Top non-repeatable levels by time:
     D:3: 1127 daAuts
     D:4: 990 daAuts
     D:2: 928 daAuts
     D:5: 923 daAuts
     D:1: 890 daAuts
     D:7: 884 daAuts
     D:6: 797 daAuts
   Sewer: 618 daAuts
     D:8: 604 daAuts
Gauntlet: 122 daAuts
  Lair:1: 76 daAuts
